TOP OF THE 1ST |
Birmingham Barons batting - Pitching for Portland Sea Dogs : RHP Justin Carrion
|
Pitching: RHP Justin Carrion
|
|
Batting: SHB Jay Gagnon
|
0-0: Ball 1-0: Swinging Strike 1-1: Ball 2-1: Fly out, F8 (Flyball, 8LD, EV 95.6 MPH)
|
Batting: LHB Larry Myers
|
0-0: DOUBLE (Line Drive, 78M, EV 100.0 MPH)
|
Batting: RHB Josiah Wright
|
0-0: Fly out, F8 (Flyball, 8LS, EV 85.6 MPH)
|
Batting: RHB Mike Savage
|
0-0: Called Strike 0-1: Foul Ball, location: 2F 0-2: Ball 1-2: Ball 2-2: Ball 3-2: Fly out, F8 (Flyball, 89D, EV 101.9 MPH)
|
Top of the 1st over - 0 runs, 1 hit, 0 errors, 1 left on base; Birmingham 0 - Portland 0 |
BOTTOM OF THE 1ST |
Portland Sea Dogs batting - Pitching for Birmingham Barons : RHP Matt Constantino
|
Pitching: RHP Matt Constantino
|
|
Batting: RHB Larry Brocato
|
0-0: SINGLE (Line Drive, 9LS, EV 107.5 MPH)
|
Batting: RHB Joe Sandoval
|
0-0: SINGLE (Line Drive, 7S, EV 107.5 MPH) Larry Brocato to second
|
Batting: LHB David Moore
|
0-0: Foul Ball, location: 2F 0-1: Foul Ball, location: 2F 0-2: Ball 1-2: Ball 2-2: Ball 3-2: Foul Ball, location: 2F 3-2: Foul Ball, location: 2F 3-2: Base on Balls Larry Brocato to third Joe Sandoval to second
|
Batting: RHB Dave Burwell
|
0-0: Ball 1-0: Ball 2-0: Ball 3-0: Called Strike 3-1: Foul Ball, location: 2F 3-2: Foul Ball, location: 2F 3-2: Base on Balls Larry Brocato scores Joe Sandoval to third David Moore to second
|
Batting: LHB Sergio Tinoco
|
0-0: Called Strike 0-1: Ball 1-1: Ball 2-1: Ball 3-1: Called Strike 3-2: DOUBLE (Line Drive, 78XD, EV 106.9 MPH) Joe Sandoval scores David Moore scores Dave Burwell to third
|
Batting: RHB Travis Campbell
|
0-0: Ball 1-0: Ball 2-0: Foul Ball, location: 2F 2-1: Ball 3-1: Foul Ball, location: 2F 3-2: Base on Balls
|
Batting: RHB Miguel Villanueva
|
0-0: Swinging Strike 0-1: Ball 1-1: Ball 2-1: Ball 3-1: SINGLE (Groundball, 4D, EV 95.6 MPH) Dave Burwell scores Sergio Tinoco to third Travis Campbell to second Runner from 3rd tries for Home, SAFE, throw by RF to home
|
Pitching: LHP Brennan Duncan
|
|
Batting: RHB Frank Sokolosky
|
0-0: Called Strike 0-1: SINGLE (Line Drive, 78M, EV 95.6 MPH) Travis Campbell to third Miguel Villanueva to second
|
Batting: RHB Josh Helman
|
0-0: SINGLE (Line Drive, 6M, EV 104.4 MPH) Travis Campbell scores Miguel Villanueva to third Frank Sokolosky to second
|
Batting: RHB Larry Brocato
|
0-0: Swinging Strike 0-1: Grounds into double play, 6-4-3 (Groundball, 56, EV 87.5 MPH) Miguel Villanueva scores Frank Sokolosky to third
|
Batting: RHB Joe Sandoval
|
0-0: Called Strike 0-1: Fly out, F9 (Flyball, 9, EV 88.8 MPH)
|
Bottom of the 1st over - 7 runs, 6 hits, 0 errors, 1 left on base; Birmingham 0 - Portland 7 |
TOP OF THE 2ND |
Birmingham Barons batting - Pitching for Portland Sea Dogs : RHP Justin Carrion
|
Batting: RHB Ethan McCullough
|
0-0: Ball 1-0: Ground out 5-3 (Groundball, 56, EV 78.1 MPH)
|
Batting: SHB Josh Conner
|
0-0: SINGLE (Groundball, 34D, EV 95.0 MPH)
|
Batting: SHB Olaf Zoeteman
|
0-0: Called Strike 0-1: Ball 1-1: Called Strike 1-2: Foul Ball, location: 2F 1-2: DOUBLE (Flyball, 89D, EV 101.9 MPH) Josh Conner to third
|
Batting: RHB John Iddings
|
0-0: Called Strike 0-1: Ball 1-1: Foul Ball, location: 2F 1-2: Strikes out swinging
|
Batting: LHB Noel Wilson
|
0-0: Ground out 4-3 (Groundball, 4M, EV 101.2 MPH)
|
Top of the 2nd over - 0 runs, 2 hits, 0 errors, 2 left on base; Birmingham 0 - Portland 7 |
BOTTOM OF THE 2ND |
Portland Sea Dogs batting - Pitching for Birmingham Barons : LHP Brennan Duncan
|
Batting: LHB David Moore
|
0-0: Foul Ball, location: 2F 0-1: Foul Ball, location: 2F 0-2: Ball 1-2: Ground out U3 (Groundball, 3S, EV 90.6 MPH)
|
Batting: RHB Dave Burwell
|
0-0: Ground out 4-3 (Groundball, 4M, EV 100.0 MPH)
|
Batting: LHB Sergio Tinoco
|
0-0: Ball 1-0: Foul Ball, location: 2F 1-1: Ball 2-1: Called Strike 2-2: DOUBLE (Line Drive, 78D, EV 113.1 MPH)
|
Batting: RHB Travis Campbell
|
0-0: Swinging Strike 0-1: Called Strike 0-2: Strikes out looking
|
Bottom of the 2nd over - 0 runs, 1 hit, 0 errors, 1 left on base; Birmingham 0 - Portland 7 |
TOP OF THE 3RD |
Birmingham Barons batting - Pitching for Portland Sea Dogs : RHP Justin Carrion
|
Batting: SHB Jay Gagnon
|
0-0: Ball 1-0: Ball 2-0: Ball 3-0: Base on Balls
|
Batting: LHB Larry Myers
|
0-0: Called Strike Jay Gagnon steals 2nd base 0-1: Foul Ball, location: 2F 0-2: Strikes out looking
|
Batting: RHB Josiah Wright
|
0-0: Ball 1-0: Ball 2-0: Ball 3-0: Called Strike 3-1: Base on Balls
|
Batting: RHB Mike Savage
|
0-0: Called Strike 0-1: Ball 1-1: Grounds into double play, 6-4-3 (Groundball, 6MD, EV 90.6 MPH)
|
Top of the 3rd over - 0 runs, 0 hits, 0 errors, 1 left on base; Birmingham 0 - Portland 7 |
BOTTOM OF THE 3RD |
Portland Sea Dogs batting - Pitching for Birmingham Barons : LHP Brennan Duncan
|
Batting: RHB Miguel Villanueva
|
0-0: Ball 1-0: Swinging Strike 1-1: Ball 2-1: Called Strike 2-2: Ball 3-2: Strikes out swinging
|
Batting: RHB Frank Sokolosky
|
0-0: Ball 1-0: Foul Ball, location: 2F 1-1: Foul Ball, location: 2F 1-2: Ball 2-2: SINGLE (Groundball, 6MD, EV 103.8 MPH) (infield hit)
|
Batting: RHB Josh Helman
|
0-0: Foul Ball, location: 2F 0-1: Foul Ball, location: 2F 0-2: Ball 1-2: Ball 2-2: Ball 3-2: Foul Ball, location: 2F 3-2: Base on Balls Frank Sokolosky to second
|
Batting: RHB Larry Brocato
|
0-0: Ball Wild Pitch! Frank Sokolosky to third Josh Helman to second 1-0: Ball 2-0: Ball 3-0: Called Strike 3-1: Base on Balls
|
Batting: RHB Joe Sandoval
|
0-0: Foul Ball, location: 2F 0-1: Ball 1-1: Fly out, F7 (Flyball, 7, EV 95.6 MPH) Runner from 3rd tags up, OUT at HOME! 7-2
|
Bottom of the 3rd over - 0 runs, 1 hit, 0 errors, 2 left on base; Birmingham 0 - Portland 7 |
TOP OF THE 4TH |
Birmingham Barons batting - Pitching for Portland Sea Dogs : RHP Justin Carrion
|
Batting: RHB Ethan McCullough
|
0-0: Called Strike 0-1: Swinging Strike 0-2: Strikes out looking
|
Batting: SHB Josh Conner
|
0-0: Called Strike 0-1: Foul Ball, location: 2F 0-2: Strikes out swinging
|
Batting: SHB Olaf Zoeteman
|
0-0: Called Strike 0-1: Ball 1-1: Swinging Strike 1-2: Foul Ball, location: 2F 1-2: Foul Ball, location: 2F 1-2: Ball 2-2: Ball 3-2: Ground out 3-1 (Groundball, 34S, EV 86.9 MPH)
|
Top of the 4th over - 0 runs, 0 hits, 0 errors, 0 left on base; Birmingham 0 - Portland 7 |
BOTTOM OF THE 4TH |
Portland Sea Dogs batting - Pitching for Birmingham Barons : LHP Brennan Duncan
|
Batting: LHB David Moore
|
0-0: Ball 1-0: Ball 2-0: Foul Ball, location: 2F 2-1: Ground out 6-3 (Groundball, 6, EV 82.5 MPH)
|
Batting: RHB Dave Burwell
|
0-0: Ground out 6-3 (Groundball, 56, EV 110.0 MPH)
|
Batting: LHB Sergio Tinoco
|
0-0: Called Strike 0-1: Foul Ball, location: 2F 0-2: Ball 1-2: Ball 2-2: Ball 3-2: Fly out, F4 (Popup, 4S, EV 84.4 MPH)
|
Bottom of the 4th over - 0 runs, 0 hits, 0 errors, 0 left on base; Birmingham 0 - Portland 7 |
TOP OF THE 5TH |
Birmingham Barons batting - Pitching for Portland Sea Dogs : RHP Justin Carrion
|
Batting: RHB John Iddings
|
0-0: Fly out, F8 (Flyball, 89M, EV 82.5 MPH)
|
Batting: LHB Noel Wilson
|
0-0: Ball 1-0: Ball 2-0: SINGLE (Flyball, 56D, EV 91.9 MPH)
|
Batting: SHB Jay Gagnon
|
0-0: Ball 1-0: SINGLE (Line Drive, 7LS, EV 90.6 MPH) Noel Wilson to second
|
Batting: LHB Larry Myers
|
0-0: SINGLE (Groundball, 25, EV 63.1 MPH) (infield hit) Noel Wilson to third Jay Gagnon to second
|
Batting: RHB Josiah Wright
|
0-0: Fly out, F9 (Flyball, 9D, EV 92.5 MPH) Runner from 3rd tags up, SCORES, no throw by RF Jay Gagnon to third
|
Batting: RHB Mike Savage
|
0-0: Ball 1-0: Foul Ball, location: 2F 1-1: Fly out, F8 (Line Drive, 8RS, EV 96.2 MPH)
|
Top of the 5th over - 1 run, 3 hits, 0 errors, 2 left on base; Birmingham 1 - Portland 7 |
BOTTOM OF THE 5TH |
Portland Sea Dogs batting - Pitching for Birmingham Barons : LHP Brennan Duncan
|
Batting: RHB Travis Campbell
|
0-0: Ball 1-0: Ball 2-0: Ball 3-0: Called Strike 3-1: Called Strike 3-2: Ground out 5-3 (Groundball, 56, EV 107.5 MPH)
|
Batting: RHB Miguel Villanueva
|
0-0: Ball 1-0: SINGLE (Groundball, 25, EV 75.6 MPH) (infield hit)
|
Batting: RHB Frank Sokolosky
|
0-0: Foul Ball, location: 2F 0-1: Hit by Pitch Miguel Villanueva to second
|
Batting: RHB Josh Helman
|
0-0: Ball 1-0: Called Strike 1-1: Ball 2-1: Ball 3-1: DOUBLE (Line Drive, 78D, EV 101.9 MPH) Miguel Villanueva scores Frank Sokolosky to third Runner from 3rd tries for Home, SAFE, no throw by LF
|
Batting: RHB Larry Brocato
|
0-0: Called Strike 0-1: Ball 1-1: Ball 2-1: Ball 3-1: Foul Ball, location: 2F 3-2: Ground out 2-3 (Groundball, 13S, EV 66.9 MPH) Josh Helman to third
|
Pitching: RHP Jon Manwaring
|
|
Batting: RHB Joe Sandoval
|
0-0: Called Strike 0-1: Fly out, F7 (Line Drive, 7LM, EV 92.5 MPH)
|
Bottom of the 5th over - 2 runs, 2 hits, 0 errors, 1 left on base; Birmingham 1 - Portland 9 |
TOP OF THE 6TH |
Birmingham Barons batting - Pitching for Portland Sea Dogs : RHP Justin Carrion
|
Batting: RHB Ethan McCullough
|
0-0: Ball 1-0: Ground out U3 (Groundball, 34, EV 83.8 MPH)
|
Batting: SHB Josh Conner
|
0-0: Foul Ball, location: 2F 0-1: Fly out, F7 (Flyball, 78S, EV 91.2 MPH)
|
Batting: SHB Olaf Zoeteman
|
0-0: Called Strike 0-1: Ball 1-1: Ball 2-1: Swinging Strike 2-2: DOUBLE (Groundball, 3L, EV 105.0 MPH)
|
Batting: RHB John Iddings
|
0-0: Ball 1-0: Called Strike 1-1: Ball 2-1: Ground out 4-3 (Groundball, 4, EV 87.5 MPH)
|
Top of the 6th over - 0 runs, 1 hit, 0 errors, 1 left on base; Birmingham 1 - Portland 9 |
BOTTOM OF THE 6TH |
Portland Sea Dogs batting - Pitching for Birmingham Barons : RHP Jon Manwaring
|
Batting: LHB David Moore
|
0-0: Called Strike 0-1: Ball 1-1: Ball 2-1: Ball 3-1: SINGLE (Flyball, 8RS, EV 91.2 MPH)
|
Batting: RHB Dave Burwell
|
0-0: Ball 1-0: Called Strike 1-1: Called Strike 1-2: Foul Ball, location: 2F 1-2: Foul Ball, location: 2F 1-2: Strikes out swinging
|
Batting: LHB Sergio Tinoco
|
0-0: Swinging Strike 0-1: Grounds into double play, 6-4-3 (Groundball, 6M, EV 86.2 MPH)
|
Bottom of the 6th over - 0 runs, 1 hit, 0 errors, 0 left on base; Birmingham 1 - Portland 9 |
TOP OF THE 7TH |
Birmingham Barons batting - Pitching for Portland Sea Dogs : RHP Justin Carrion
|
Batting: LHB Noel Wilson
|
0-0: Foul Ball, location: 2F 0-1: Ball 1-1: Ball 2-1: DOUBLE (Line Drive, 89D, EV 105.6 MPH)
|
Pinch Hitting: RHB Kevin Chafe
|
0-0: Ball 1-0: Ball 2-0: Ball 3-0: Base on Balls
|
Batting: LHB Larry Myers
|
0-0: Called Strike 0-1: Ball 1-1: Ball 2-1: Foul Ball, location: 2F 2-2: Ball 3-2: Fly out, F8 (Flyball, 8LM, EV 93.1 MPH)
|
Batting: LHB Dalton Silveira
|
0-0: Ball 1-0: Fly out, F1 (Line Drive, P, EV 66.9 MPH)
|
Batting: RHB Mike Savage
|
0-0: Called Strike 0-1: Swinging Strike 0-2: Ball 1-2: Ball 2-2: Fly out, F7 (Flyball, 7, EV 93.1 MPH)
|
Top of the 7th over - 0 runs, 1 hit, 0 errors, 2 left on base; Birmingham 1 - Portland 9 |
BOTTOM OF THE 7TH |
Portland Sea Dogs batting - Pitching for Birmingham Barons : RHP Jon Manwaring
|
Now in LF: Kevin Chafe
|
|
Now in CF: Mike Savage
|
|
Batting: RHB Travis Campbell
|
0-0: Called Strike 0-1: Foul Ball, location: 2F 0-2: Ball 1-2: Ball 2-2: Ball 3-2: Strikes out swinging
|
Batting: RHB Miguel Villanueva
|
0-0: Foul Ball, location: 2F 0-1: Ground out 1-3 (Groundball, P, EV 65.6 MPH)
|
Batting: RHB Frank Sokolosky
|
0-0: Ground out 5-3 (Groundball, 56S, EV 67.5 MPH)
|
Bottom of the 7th over - 0 runs, 0 hits, 0 errors, 0 left on base; Birmingham 1 - Portland 9 |
TOP OF THE 8TH |
Birmingham Barons batting - Pitching for Portland Sea Dogs : RHP Justin Carrion
|
Pinch Hitting: SHB Jason Bresnahan
|
0-0: Ball 1-0: Ball 2-0: Called Strike 2-1: Foul Ball, location: 2F 2-2: Ground out 4-3 (Groundball, 4, EV 107.5 MPH)
|
Pitching: LHP David Schultz
|
|
Batting: SHB Josh Conner
|
0-0: Swinging Strike 0-1: Ball 1-1: Ground out 5-3 (Groundball, 56, EV 105.6 MPH)
|
Pinch Hitting: LHB Alex Mendoza
|
0-0: Ball 1-0: Ball 2-0: Ground out 4-3 (Groundball, 4, EV 94.4 MPH)
|
Top of the 8th over - 0 runs, 0 hits, 0 errors, 0 left on base; Birmingham 1 - Portland 9 |
BOTTOM OF THE 8TH |
Portland Sea Dogs batting - Pitching for Birmingham Barons : RHP Jon Manwaring
|
Now at 1B: Alex Mendoza
|
|
Now at 2B: Jason Bresnahan
|
|
Batting: RHB Josh Helman
|
0-0: SINGLE (Line Drive, 8LS, EV 108.8 MPH)
|
Pinch Hitting: LHB Parker Lowe
|
0-0: Ball Passed Ball! Josh Helman to second 1-0: Ball 2-0: Called Strike 2-1: Ball 3-1: SINGLE (Groundball, 4M, EV 103.1 MPH) Josh Helman to third
|
Pinch Hitting: SHB Gus Cruz
|
0-0: Swinging Strike 0-1: Swinging Strike 0-2: Ball 1-2: Strikes out swinging
|
Batting: LHB David Moore
|
0-0: Foul Ball, location: 2F 0-1: Ball 1-1: Ball 2-1: Foul Ball, location: 2F 2-2: Foul Ball, location: 2F 2-2: Fly out, F9 (Flyball, 9, EV 95.6 MPH)
|
Batting: RHB Dave Burwell
|
0-0: Called Strike 0-1: Ball 1-1: SINGLE (Groundball, 6D, EV 110.6 MPH) Josh Helman scores Parker Lowe to second
|
Batting: LHB Sergio Tinoco
|
0-0: Fielders Choice at 2nd, U6 (Groundball, 6M, EV 108.8 MPH)
|
Bottom of the 8th over - 1 run, 3 hits, 0 errors, 2 left on base; Birmingham 1 - Portland 10 |
TOP OF THE 9TH |
Birmingham Barons batting - Pitching for Portland Sea Dogs : LHP David Schultz
|
Now at 1B: Parker Lowe
|
|
Now at 2B: Gus Cruz
|
|
Now at SS: Frank Sokolosky
|
|
Batting: RHB John Iddings
|
0-0: Called Strike 0-1: Ground out 3-1 (Groundball, 34, EV 101.2 MPH)
|
Batting: LHB Noel Wilson
|
0-0: Called Strike 0-1: Ball 1-1: Ball 2-1: Ball 3-1: Called Strike 3-2: DOUBLE (Flyball, 8RXD, EV 108.1 MPH)
|
Batting: RHB Kevin Chafe
|
0-0: Ball 1-0: Ball 2-0: Called Strike 2-1: SINGLE (Groundball, 34D, EV 101.2 MPH) Noel Wilson to third
|
Batting: LHB Larry Myers
|
0-0: Ball 1-0: Swinging Strike 1-1: Ball 2-1: Foul Ball, location: 2F 2-2: Strikes out looking
|
Batting: LHB Dalton Silveira
|
0-0: Ball 1-0: Ball 2-0: Ball 3-0: Called Strike 3-1: Foul Ball, location: 2F 3-2: Fly out, F9 (Line Drive, 89M, EV 95.0 MPH)
|
Top of the 9th over - 0 runs, 2 hits, 0 errors, 2 left on base; Birmingham 1 - Portland 10 |
|